 Dungeon Sprint DCSS version 0.24.1-14-gf8d2b509d9 (webtiles) character file.

Game seed: 3566478523631443596, levelgen mode: deterministic

1019 Zeld the Severer (level 8, -14/96 HPs)
             Began as a Minotaur Berserker on June 6, 2021.
             Was a Priest of Trog.
             Demolished by a deep troll (17 damage)
             ... in the Dungeon (Sprint I: "Red Sonja").
             The game lasted 00:01:07 (1140 turns).

Zeld the Severer (Minotaur Berserker)               Turns: 1140, Time: 00:01:08

Health: -14/96     AC:  2    Str: 28    XL:     8   Next: 2%
Magic:  7/7        EV: 12    Int:  4    God:    Trog [***...]
Gold:   283        SH:  0    Dex: 11    Spells: 7/7 levels left

rFire    . . .     SeeInvis .   a - +0 hand axe
rCold    . . .     Gourm    .   (no shield)
rNeg     . . .     Faith    .   b - +0 animal skin
rPois    .         Spirit   .   (helmet restricted)
rElec    .         Reflect  .   (no cloak)
rCorr    .         Harm     .   (no gloves)
MR       .....     NoTele   +   (no boots)
Stlth    ..........             (no amulet)
HPRegen  0.26/turn              (no ring)
MPRegen  0.10/turn              (no ring)

@: berserking, very quick
A: retaliatory headbutt, horns 2
a: Berserk, Trog's Hand, Renounce Religion


You were in the Dungeon.
You worshipped Trog.
Trog was most pleased with you.
You were near starving.

You visited 1 branch You collected 283 gold pieces.

Inventory:

Hand Weapons
 a - a +0 hand axe (weapon)
Armour
 b - a +0 animal skin (worn)
Scrolls
 i - a scroll of blinking
Potions
 f - a potion of haste
 g - 2 potions of magic
 h - a potion of berserk rage


   Skills:
 - Level 3.6 Fighting
 + Level 19.2 Axes
 - Level 2.4 Armour
 - Level 2.1 Dodging


You had 7 spell levels left.
You didn't know any spells.
Your spell library was empty.

Dungeon Overview and Level Annotations

Branches:
Dungeon (1/1)

Altars:
Makhleb
Sif Muna
Vehumet
Wu Jian
Xom
Jiyva
Lugonu


Innate Abilities, Weirdness & Mutations

You reflexively headbutt those who attack you in melee.
You have a pair of horns on your head.


Message History

You hit the deep troll but do no damage.
The deep troll bites you. The deep troll closely misses you. x2
You slash the deep troll! Your headbutt misses the deep troll.
The deep troll is lightly wounded.
Unknown command.
You slash the deep troll! Your headbutt misses the deep troll.
The deep troll is moderately wounded.
You slash the deep troll! You headbutt the deep troll!
The deep troll is severely wounded.
The deep troll bites you. The deep troll claws you! x2
You slash the deep troll!
The deep troll is almost dead.
You hit the deep troll.
The deep troll is almost dead.
The deep troll bites you!!
* * * LOW HITPOINT WARNING * * *
The deep troll claws you!
* * * LOW HITPOINT WARNING * * *
The deep troll claws you!
You die...

#..#####'#####'#__#
#..# #..# #(# ##
#..# #### ##.# #..#
#+#_.+ #⌠⌠# +.()_#
#### #_(#'# ##(#(#
##.####+###
+...@T$.$$+
#...####### ##.##
#+#


You could see a deep troll.

Vanquished Creatures
  Sonja (D)
  A slime creature (D)
  Sigmund (D)
  An ogre (D)
  A jelly (D)
  Ijyb (D)
6 creatures vanquished.

Vanquished Creatures (others)
  A gargoyle (D)
1 creature vanquished.

Grand Total: 7 creatures vanquished

Notes
Turn   | Place    | Note
-------+----------+-------------------------------------------
     0 | D        | Zeld the Minotaur Berserker began the quest for the Orb.
     0 | D        | Reached XP level 1. HP: 19/19 MP: 0/0
     2 | D        | Noticed Ijyb
    11 | D        | Killed Ijyb
    11 | D        | Reached skill level 7 in Axes
    11 | D        | Reached XP level 2. HP: 26/26 MP: 1/1
    73 | D        | Noticed an ogre
    75 | D        | Killed an ogre
    75 | D        | Reached skill level 11 in Axes
    75 | D        | Reached XP level 3. HP: 31/31 MP: 2/2
    75 | D        | Reached XP level 4. HP: 39/39 MP: 3/3
   118 | D        | Noticed Sigmund
   126 | D        | Killed Sigmund
   126 | D        | Reached ** piety under Trog
   126 | D        | Reached skill level 14 in Axes
   126 | D        | Reached XP level 5. HP: 45/45 MP: 4/4
   400 | D        | Found a burning altar of Makhleb.
   400 | D        | Found a viscous altar of Jiyva.
   400 | D        | Found a shimmering altar of Xom.
   400 | D        | Found a corrupted altar of Lugonu.
   400 | D        | Noticed a slime creature
   410 | D        | Killed a slime creature
   410 | D        | Reached skill level 16 in Axes
   410 | D        | Reached XP level 6. HP: 40/51 MP: 5/5
   438 | D        | Found an ornate altar of the Wu Jian Council.
   438 | D        | Found a shimmering blue altar of Sif Muna.
   600 | D        | Found a radiant altar of Vehumet.
   730 | D        | Noticed Sonja
   741 | D        | Killed Sonja
   741 | D        | Reached *** piety under Trog
   741 | D        | Reached skill level 19 in Axes
   741 | D        | Reached XP level 7. HP: 8/57 MP: 6/6
   741 | D        | Reached XP level 8. HP: 9/64 MP: 7/7
  1108 | D        | Killed a gargoyle
  1131 | D        | Noticed a deep troll
  1140 | D        | HP: 3/96 [deep troll (15)]
  1140 | D        | Demolished by a deep troll

Levels and vault maps discovered:
D:        dungeon_sprint_1 [red_sonja_temple_1, red_sonja_temple_small_1]

Skill      XL: |  1  2  3  4  5  6 |
---------------+-------------------+-----
Axes           | 7 11 14 16 19 | 19.2
Fighting       | |  3.6
Armour         | |  2.4
Dodging        | |  2.1

Action                   |  1- 3 |  4- 6 |  7- 9 || total
-------------------------+-------+-------+-------++-------
Melee: Hand axe          |     8 |    21 |     7 ||    36
       Headbutt          |     1 |     1 |     1 ||     3
Invok: Berserk           |     2 |     3 |     1 ||     6
       Trog's Hand       |       |     1 |       ||     1
  Use: Potion            |       |     2 |       ||     2
  Eat: Chunk             |       |     1 |       ||     1
       Ration            |       |     1 |       ||     1
Armor: Animal skin       |       |     1 |       ||     1
Dodge: Dodged            |     4 |    15 |     3 ||    22
